Map: Dusk Towers

Players

LilDicky - Winner!

  • Race: Terran Terran
  • League: Diamond

stewpower

  • Race: Terran Terran
  • League: Diamond

VOD

http://www.twitch.tv/tumescentpie

Description

Time

  • Played on: Dec. 11, 2015, 12:27 a.m.
  • Length: 13:12
Show
View Real Time Build Order
Export as new Build Order

LilDicky Terran - Winner!

Build Orders: Hellion Banshee 

Get SALT Encoding   

  12  0:04  SCV  
  13  0:16  SCV  
  13  0:21  Supply Depot  
  14  0:28  SCV  
  14  0:30  Refinery  
  16  0:42  SCV  
  16  0:46  Barracks  
  16  0:55  SCV  
  17  1:07  SCV  
  18  1:19  SCV  
  18  1:22  Refinery  
  19  1:33  Reaper, Orbital Command  
  19  1:34  Supply Depot  
  20  1:58  Factory  
  21  2:01  SCV  
  21  2:10  Barracks Reactor  
  21  2:17  SCV  
  22  2:29  SCV  
  23  2:34  Supply Depot  
  23  2:41  SCV  
  24  2:56  Starport  
  24  2:59  Hellion  
  24  3:00  Hellion  
  24  3:01  SCV  
  29  3:06  Barracks Tech Lab  
  29  3:16  Command Center  
  29  3:18  SCV  
  30  3:21  Hellion  
  30  3:22  Hellion  
  34  3:27  Supply Depot  
  34  3:30  SCV  
  35  3:39  Banshee, Cloaking Field  
  38  3:43  SCV  
  39  3:55  SCV, Hellion x2  
  44  4:16  Hellion  
  46  4:23  Supply Depot  
  46  4:25  Hellion  
  48  4:39  Hellion  
  48  4:40  Banshee  
  48  4:41  Marine  
  48  4:44  SCV  
  55  4:47  Hellion, Engineering Bay  
  55  4:48  Supply Depot  
  57  5:25  Banshee  
  48  5:40  Missile Turret  
  36  5:43  Orbital Command  
  36  5:47  Hellion x2, Missile Turret  
  32  6:08  Hellion  
  28  6:16  SCV x2  
  25  6:22  Banshee  
  25  6:24  Hellion  
  29  6:28  SCV x2  
  29  6:29  Hellion  
  33  6:40  Marine  
  33  6:45  Hellion  
  36  6:51  Hellion  
  38  7:10  SCV x2  
  38  7:13  Viking, Missile Turret  
  42  7:29  Marine  
  42  7:31  Widow Mine x2  
  42  7:32  SCV x2  
  42  7:36  Refinery  
  48  7:37  Refinery  
  33  8:08  Hellion  
  33  8:15  SCV  
  33  8:16  SCV, Banshee  
  39  8:25  Factory  
  39  8:28  SCV x2  
  39  8:32  Hellion x2  
  45  8:35  Barracks Tech Lab  
  45  8:40  SCV  
  45  8:44  SCV  
  46  8:52  SCV  
  47  8:56  SCV  
  47  8:58  Command Center  
  47  8:59  Banshee  
  47  9:01  Hellion x2  
  52  9:04  SCV  
  53  9:38  SCV x2  
  53  9:42  Banshee  
  58  9:47  Factory  
  58  9:50  SCV  
  58  9:51  SCV  
  40  10:02  SCV  
  40  10:03  Hellion x2, Siege Tank  
  40  10:05  SCV  
  49  10:08  Starport  
  49  10:15  SCV  
  49  10:17  SCV  
  51  10:27  SCV  
  49  10:29  SCV  
  49  10:33  Command Center  
  49  10:34  Banshee  
  53  10:36  Siege Tank  
  56  10:43  Factory Tech Lab  
  56  10:44  Hellion x2  
  60  10:50  Viking  
  60  10:52  Supply Depot  
  60  10:53  Missile Turret  
  60  10:54  Starport  
  60  10:55  Orbital Command  
  62  11:24  Hellion, Siege Tank  
  62  11:25  Hellion x2  
  68  11:34  Supply Depot  
  68  11:36  Starport Reactor  
  68  11:37  Viking, Missile Turret  
  68  11:38  Banshee  
  68  11:39  SCV x2  
  75  11:41  SCV  
  75  11:42  Refinery x2  
  75  11:45  SCV  
  75  11:46  Siege Tank  
  80  11:50  Armory x2  
  80  11:51  SCV x2  
  80  11:53  SCV  
  83  11:56  Missile Turret  
  79  12:07  Hellion x2  
  79  12:08  Hellion  
  83  12:18  Siege Tank, Missile Turret  
  86  12:50  Hellion  
  86  12:51  Hellion x2  
Show
View Real Time Build Order
Export as new Build Order

stewpower Terran 

Build Orders:  

Get SALT Encoding   

  12  0:01  SCV  
  13  0:13  SCV  
  14  0:19  Supply Depot  
  14  0:25  SCV  
  14  0:28  Refinery  
  15  0:40  SCV  
  16  0:45  Barracks  
  16  0:52  SCV  
  17  1:04  SCV  
  18  1:17  SCV  
  19  1:31  Orbital Command  
  19  1:32  Reaper  
  20  1:35  Supply Depot  
  20  1:43  Refinery  
  20  1:49  Factory  
  20  2:00  SCV  
  21  2:07  Reaper  
  22  2:13  SCV  
  22  2:25  SCV  
  23  2:31  Command Center  
  23  2:35  Hellion  
  25  2:38  SCV  
  26  2:53  Starport  
  26  2:58  Barracks Reactor  
  26  2:59  SCV  
  26  3:02  Hellion  
  29  3:11  SCV  
  30  3:25  Factory Tech Lab  
  30  3:28  SCV  
  30  3:29  Starport Tech Lab  
  31  3:34  Barracks  
  31  3:36  Barracks  
  31  3:43  SCV, Marine x2  
  31  3:46  Orbital Command  
  34  4:01  Siege Tank  
  34  4:02  Banshee  
  33  4:04  Marine  
  33  4:06  Marine  
  38  4:22  Marine  
  38  4:23  SCV, Marine  
  41  4:24  Barracks Reactor, Barracks Tech Lab  
  41  4:32  SCV  
  42  4:40  Siege Tank  
  42  4:41  Marine  
  46  4:46  Supply Depot  
  46  5:08  Banshee, SCV, Marine x2  
  46  5:09  Engineering Bay  
  46  5:12  Marine  
  49  5:14  Marine x2  
  48  5:26  Marine  
  39  5:39  Marine  
  39  5:41  Cyclone  
  33  5:54  SCV x2, Marine  
  33  5:55  Marine  
  35  5:57  Viking  
  35  6:05  Marine x2  
  35  6:09  Marine  
  26  6:20  Marine x2  
  26  6:23  Marine  
  26  6:24  SCV x2  
  31  6:26  Marine  
  31  6:27  Marine  
  31  6:28  Siege Tank  
  36  6:36  SCV x2  
  38  6:55  Marine  
  38  7:00  Engineering Bay  
  38  7:10  SCV x2  
  38  7:18  Barracks  
  38  7:21  Marine  
  38  7:48  SCV, Marine x2  
  38  8:01  SCV  
  37  8:06  Supply Depot  
  37  8:09  Marine  
  38  8:17  Supply Depot  
  38  8:18  Missile Turret  
  38  8:28  Supply Depot, Siege Tank, SCV x2, Marine x2  
  38  8:30  Marine  
  46  8:35  Raven  
  46  8:40  SCV  
  49  8:46  Marine x2  
  49  8:47  SCV  
  49  8:48  Marine  
  52  8:59  SCV  
  48  9:16  Marine x2  
  48  9:17  Marine  
  48  9:18  Siege Tank  
  48  9:19  SCV x2  
  48  9:31  SCV x2  
  50  9:35  Barracks Reactor  
  50  9:37  Marine x2  
  49  9:42  Supply Depot  
  49  9:43  SCV x2  
  51  9:58  Marine x3  
  52  10:06  Banshee  
  55  10:07  SCV  
  55  10:08  SCV  
  55  10:13  Combat Shields  
  57  10:16  Marine  
  56  10:27  Siege Tank  
  55  10:29  Marine x3  
  55  10:30  SCV  
  55  10:34  SCV, Marine  
  61  10:45  Terran Infantry Weapons Level 1  
  61  10:46  SCV  
  61  10:47  SCV  
  63  10:51  Terran Infantry Armor Level 1  
  63  10:57  Marine x5  
  68  11:06  SCV x2  
  68  11:07  Refinery, Starport Reactor  
  67  11:26  Marine x3  
  67  11:27  Missile Turret  
  70  11:38  Marine  
  71  11:40  SCV  
  71  11:46  Medivac  
  74  12:15  Medivac  
  76  12:16  Marine x2  
  78  12:25  Command Center  
  78  12:28  Supply Depot  
  78  12:31  SCV  
  78  12:32  Marine x2  
  78  12:34  Marine  
  78  12:36  SCV, Marine  
  76  12:40  Marine  
  70  12:50  Marine  
Tags
 
Add a new tag
Caveats
  • Supply blocks, unpowered buildings, or Contaminate may cause inaccurate times.
  • Supply counts are checked every 10 seconds.